 Dungeon Crawl Stone Soup version 0.27-a0-972-gd1521fd518 (webtiles) character file.

Game seed: 3723315658184492835

178 tardwrangler69 the Digger (level 5, -7/38 HPs)
             Began as a Draconian Earth Elementalist on Apr 13, 2021.
             Mangled by a yak (13 damage)
             ... on level 3 of the Dungeon.
             The game lasted 00:01:33 (3327 turns).

tardwrangler69 the Digger (DrEE)                    Turns: 3327, Time: 00:01:34

Health: -7/38      AC:  5    Str: 10    XL:     5   Next: 32%
Magic:  10/10      EV: 12    Int: 16    God:
Gold:   84         SH:  5    Dex: 12    Spells: 9/10 levels left

rFire    . . .     SeeInvis .   n - +1 dagger (freeze)
rCold    . . .     Faith    .   (no shield)
rNeg     . . .     Spirit   .   (armour unavailable)
rPois    .         Reflect  +   (helmet restricted)
rElec    .         Harm     .   (no cloak)
rCorr    .         Rampage  .   (no gloves)
Will     .....                  (no boots)
Stlth    ++........             h - amulet of reflection
HPRegen  0.12/turn              (no ring)
MPRegen  0.12/turn              (no ring)

@: no status effects
A: AC +5, unfitting armour, cold-blooded
a: no special abilities


You were on level 3 of the Dungeon.
You visited 1 branch of the dungeon, and saw 3 of its levels.

You collected 84 gold pieces.

Inventory:

Hand Weapons
 n - a +1 dagger of freezing (weapon)
Missiles
 b - 93 stones
Jewellery
 e - a ring of flight
 g - an amulet of the acrobat
 h - an amulet of reflection (around neck)
Scrolls
 a - a scroll of holy word {unknown}
 c - 2 scrolls of blinking {unknown}
 d - 3 scrolls of teleportation {unknown}
 f - a scroll of enchant armour {unknown}
 i - 2 scrolls of identify {unknown}
 j - a scroll of immolation {unknown}
 o - a scroll of amnesia {unknown}
Potions
 k - a potion of curing {unknown}
 l - a potion of mutation {unknown}
 m - a potion of invisibility {unknown}


   Skills:
 - Level 1.7 Dodging
 - Level 1.7 Stealth
 + Level 3.3 Spellcasting
 - Level 1.0 Transmutations
 * Level 5.2 Earth Magic


You had 9 spell levels left.
You knew the following spells:

 Your Spells              Type           Power      Damage    Failure   Level
a - Sandblast             Erth           38%        2d10      1%          1

Your spell library contained the following spells:

 Spells                   Type           Power      Damage    Failure   Level
 Passwall                 Tmut/Erth      10%        N/A       8%          2
 Stone Arrow              Conj/Erth      22%        3d8       19%         3
 Corpse Rot               Necr/Air       N/A        N/A       26%         2
 Petrify                  Tmut/Erth      12%        N/A       45%         4
 Confusing Touch          Hex            2%         N/A       47%         3
 Gell's Gravitas          Tloc           1%         N/A       47%         3
 Lee's Rapid Deconstruct  Erth           9%         3d8*      50%         5
 Hydra Form               Tmut           2%         N/A       97%         5
 Metabolic Englaciation   Hex/Ice        1%         N/A       99%         5
 Summon Forest            Summ/Tloc      1%         N/A       99%         5
 Yara's Violent Unravell  Hex/Tmut       2%         3d3       99%         5
 Eringya's Noxious Bog    Tmut/Pois      2%         N/A       100%        6
 Summon Hydra             Summ           1%         N/A       100%        7


Dungeon Overview and Level Annotations

Branches:
Dungeon (3/15)

Altars:

Shops:
D:1 (


Innate Abilities, Weirdness & Mutations

Your plain brown scales are hard. (AC +5)
You cannot fit into any form of body armour.
You are cold-blooded and may be slowed by cold attacks.


Message History

You kill the ball python!
The quokka bites you but does no damage.
The ball python completely misses you. The ball python barely misses you.
The quokka bites you. The ball python misses you. The ball python grabs you.
The ball python constricts you.
You hit the ball python.
The ball python seems to slow down.
You freeze the ball python.
You kill the ball python!
A hobgoblin comes into view.
The hobgoblin shouts!
You hit the yak but do no damage. The endoplasm freezes you.
You are frozen.
You feel yourself slow down.
You hit the yak but do no damage.
You feel yourself speed up. The yak barely misses you.
The quokka closely misses you. The endoplasm misses you.
The yak gores you but does no damage. The quokka barely misses you.
You hit the yak. You freeze the yak.
The yak is lightly wounded.
The yak barely misses you.
A hobgoblin comes into view.
The endoplasm freezes you.
You are frozen.
You feel yourself slow down. The yak gores you.
You closely miss the yak.
Your tail-slap misses the yak.
The yak is lightly wounded.
You feel yourself speed up.
The quokka twitches its whiskers.
You block the yak's attack. The endoplasm freezes you.
You are frozen.
The yak gores you! The yak gores you. The yak gores you!
* * * LOW HITPOINT WARNING * * *
The endoplasm freezes you.
You are frozen.
* * * LOW HITPOINT WARNING * * *
You feel yourself slow down.
You are too injured to fight recklessly!
You feel yourself speed up. The yak gores you!
You die...

# # ### ##
.# # # ...
..#####.. #
.. ..# .....
# #####.#
########## #
.....#
#........#
## #..[#
##.#####..#
#. #...#
#..# #.#.#
#.
#..@###..##
#.#.####
#.YY......#
#.#.....
#.gJrY.###.#
#.######
#.#...##
..##.#.....
#.#...#
.....#.####
#......
.###.#.# #.
#.g##... ##
#.#.# #. #.#
.#.. #.# #.
.. # ...
#.###.


You could see 3 yaks, an endoplasm, a quokka and 2 hobgoblins.

Vanquished Creatures
  An ice beast (D:3)
  A hound (D:2)
  2 adders (D:2)
  2 bats
  2 endoplasms
  A giant cockroach (D:1)
  3 goblins
  2 hobgoblins
  2 jackals (D:1)
  4 quokkas
  6 ball pythons
  2 frilled lizards
  2 kobolds
  6 rats
36 creatures vanquished.

Notes
Turn   | Place    | Note
-------+----------+-------------------------------------------
     0 | D:1      | tardwrangler69 the Draconian Earth Elementalist began the
                  | quest for the Orb.
     0 | D:1      | Reached XP level 1. HP: 14/14 MP: 3/3
   227 | D:1      | Found Fanupp's Antique Weapon Emporium.
   465 | D:1      | Reached XP level 2. HP: 5/20 MP: 3/5
  1469 | D:2      | Reached skill level 4 in Earth Magic
  1469 | D:2      | Reached XP level 3. HP: 18/26 MP: 3/6
  1760 | D:2      | Found a faded altar of an unknown god.
  2501 | D:2      | Reached XP level 4. HP: 33/33 MP: 8/8
  2859 | D:3      | Noticed an ice beast
  2868 | D:3      | Killed an ice beast
  2869 | D:3      | Reached skill level 5 in Earth Magic
  2869 | D:3      | Reached XP level 5. HP: 7/38 MP: 1/10
  3313 | D:3      | Noticed a yak
  3315 | D:3      | Noticed a yak
  3319 | D:3      | Noticed a yak
  3327 | D:3      | Mangled by a yak

Illustrated notes

Levels and vault maps discovered:
D:1:      wander_arrival_desolate, layout_basic, serial_shops,
          nicolae_shop_crystal, serial_rivers, chequers_serial_rivers_small_a,
          chequers_serial_rivers_micro_c, chequers_serial_rivers_micro_a,
          chequers_serial_rivers_room_a, chequers_serial_rivers_micro_a
D:2:      layout_loops_corners, ebering_ecumenical_altar_hall,
          minmay_misc_feat_doors
D:3:      minmay_door_path, layout_basic, gammafunk_temple_overflow_elements,
          gammafunk_ghost_split, serial_co_window_serial, co_window_paths_a,
          co_window_of_opportunity_a, co_window_paths_a, co_window_corner_a,
          co_window_paths_b, co_window_paths_a, co_window_corner_a,
          co_window_paths_b, co_window_corner_a, co_window_corner_b,
          co_window_unsneaky_path_a, co_window_corner_b, co_window_corner_ca,
          glass_columns_a, glass_columns_a, minmay_bisected

Skill      XL: |  1  2  3  4 |
---------------+-------------+-----
Earth Magic    | 4 5 |  5.2
Spellcasting   | 3 |  3.3
Dodging        | |  1.7
Stealth        | |  1.7
Transmutations | |  1.0

Action                   |  1- 3 |  4- 6 || total
-------------------------+-------+-------++-------
Melee: Unarmed           |    21 |       ||    21
       Dagger            |    88 |    20 ||   108
       Tailslap          |     8 |     1 ||     9
 Cast: Sandblast         |    10 |     7 ||    17
 Stab: Sleeping          |     4 |     4 ||     8
Armor: Skin              |    28 |     8 ||    36
Dodge: Dodged            |    72 |    24 ||    96
Block: Other             |     1 |     4 ||     5

Table legend: (Time is in decaauts)
 A = Elapsed time spent in this place.
 B = Non-inter-level travel time spent in this place.
 C = Inter-level travel time spent in this place.
 D = Time resting spent in this place.
 E = Time spent auto-exploring this place.
 F = Levels seen in this place.
 G = Mean time per level.
                   A        B        C        D        E       F      G
               +--------+--------+--------+--------+--------+-----+--------+
         Total |   3329 |   3229 |    100 |      0 |   2954 |   3 | 1109.7 |
       Dungeon |   3329 |   3229 |    100 |      0 |   2954 |   3 | 1109.7 |
               +--------+--------+--------+--------+--------+-----+--------+

Top non-repeatable levels by time:
     D:1: 1430 daAuts
     D:2: 1407 daAuts
     D:3: 491 daAuts
